 Dungeon Crawl Stone Soup version 0.26.1-11-gd32895ea62 (webtiles) character file.

Game seed: 7863571601464920141

10061 Zeld the Severer (level 11, -2/62 HPs)
             Began as a Gargoyle Berserker on May 27, 2021.
             Was an Elder of Trog.
             Succumbed to barbed spike wounds
             ... on level 11 of the Dungeon.
             The game lasted 00:21:44 (18420 turns).

Zeld the Severer (Gargoyle Berserker)              Turns: 18420, Time: 00:21:44

Health: -2/62      AC: 22    Str: 25    XL:     11   Next: 56%
Magic:  11/11      EV:  7    Int:  7    God:    Trog [****..]
Gold:   360        SH:  0    Dex:  9    Spells: 10/10 levels left

rFire    . . .     SeeInvis .   a - +3 battleaxe (vamp)
rCold    + . .     Faith    .   (shield currently unavailable)
rNeg     + . .     Spirit   .   b - +2 plate armour {rC+}
rPois    ∞         Reflect  .   (no helmet)
rElec    +         Harm     .   (no cloak)
rCorr    .         Rampage  .   (no gloves)
Will     .....                  i - +0 pair of boots
Stlth    ..........             l - amulet of the acrobat
HPRegen  0.20/turn              (no ring)
MPRegen  0.12/turn              (no ring)

@: barbed spikes
A: negative energy resistance 1, electricity resistance, unbreathing,
petrification resistance, miasma immunity, AC +8
a: Renounce Religion, Berserk, Trog's Hand, Brothers in Arms


You were on level 11 of the Dungeon.
You worshipped Trog.
Trog was greatly pleased with you.
You visited 2 branches of the dungeon, and saw 13 of its levels.
You also visited: Sewer and Ossuary.

You collected 792 gold pieces.
You spent 432 gold pieces at shops.

Inventory:

Hand Weapons
 a - a +3 vampiric battleaxe (weapon)
Armour
 b - a +2 plate armour of cold resistance (worn)
 i - a +0 pair of boots (worn)
Jewellery
 l - an amulet of the acrobat (around neck)
Wands
 m - a wand of disintegration (26)
 n - a wand of digging (6)
 q - a wand of acid (21)
 z - a wand of paralysis (21)
 B - a wand of enslavement (10)
Scrolls
 c - 6 scrolls of teleportation
 j - 6 scrolls of remove curse
 r - 5 scrolls of magic mapping
 s - a scroll of blinking
 y - a scroll of vulnerability {unknown}
 A - a scroll of fear
Potions
 d - 4 potions of heal wounds
 e - 8 potions of curing
 f - 2 potions of lignification {unknown}
 g - 6 potions of might
 h - 2 potions of cancellation {unknown}
 k - 2 potions of haste {unknown}
 p - 7 potions of attraction {unknown}
 t - 3 potions of degeneration {unknown}
 u - a potion of brilliance {unknown}
 w - 3 potions of flight {unknown}
 x - 2 potions of mutation {unknown}


   Skills:
 - Level 4.7 Fighting
 * Level 15.0 Axes
 - Level 3.9 Armour
 - Level 1.5 Dodging
 - Level 2.4 Evocations


You had 10 spell levels left.
You didn't know any spells.
Your spell library was empty.

Dungeon Overview and Level Annotations

Branches:
Dungeon (12/15)            Temple (1/1) D:7            Lair (0/6) D:8
  Sewer (visited)         Ossuary (visited)
    Orc: D:9-12

Altars:
Ashenzari
Cheibriados
Dithmenos
Elyvilon
Fedhas
Gozag
Hepliaklqana
Kikubaaqudgha
Makhleb
Nemelex Xobeh
Okawaru
Qazlal
Ru
Sif Muna
Trog
Uskayaw
Vehumet
Wu Jian
Xom
Yredelemnul
Zin
The Shining One

Shops:
D:5 }   D:7 !

Annotations:
D:9 4 runed translucent doors


Innate Abilities, Weirdness & Mutations

You are resistant to torment.
Your stone body is resilient. (AC +8)
You are immune to poison.
You resist negative energy. (rN+)
You are resistant to electric shocks. (rElec)
You can survive without breathing.
You are immune to petrification.
You are immune to miasma.


Message History

The jelly dies!
Trog accepts your kill.
Your yak gores the manticore!
Unknown command.
What are your orders? t - Shout!
Orders for allies: a - Attack new target. p - Attack previous target. r - Retreat! s - Stop attacking. g - Guard the area. f - Follow me.
Anything else - Cancel.
Gang up on whom?
Press: ? - help, Dir - move target, f/p - manticore
Aim: a manticore (severely wounded)
Okay, then.
The barbs in your skin will harm you if you move.
Continue?
The adder completely misses your sky beast.
The manticore bites your yak! The manticore claws your yak!
The manticore claws your yak.
Your yak gores the manticore.
The barbed spikes dig painfully into your body as you move.
You die...

#.....##.# ###..##.≈....
#.....##.# #l.## ≈....
#.....##.# ###...#.#....
.........######..s..#......#
.........'....'..Z..#.Z.#≈≈≈
###......######..S.Y#.......
#......# #..DY..Y.......
#......# #......YH......
#......# #()@...Y......
#......#####().......####
#######...........>..#
#..[....##.(...#
#..)........#(##
#...........#.# #######
######......#.# #.....#
#......#.## #.....#
#......#..####.....#


You could see a five-headed hydra, a manticore, a wyvern, a scorpion, an adder,
a bullfrog skeleton, a centaur skeleton, 4 friendly yaks and a friendly sky
beast (summoned, invisible, poisoned).

Vanquished Creatures
  A two-headed ogre (D:7)
  A manticore (D:11)
  A gargoyle (D:12)
  Maggie (D:8)
  2 trolls (D:9)
  A hornet (D:10)
  Grinder (D:4)
  A shadow (D:11)
  Eustachio (D:4)
  A steam dragon (D:7)
  Menkaure (D:4)
  A water moccasin (D:10)
  5 ice beasts
  9 orc warriors
  Purgy (Sewer)
  2 black bears
  An eye of draining (D:8)
  6 ogres
  4 centaurs
  2 elf zombies (Ossuary)
  2 big kobolds
  6 bullfrogs
  4 scorpions
  A killer bee (D:11)
  3 wights (D:11)
  8 howler monkeys
  An electric eel (D:6)
  3 centaur zombies
  A bullfrog zombie (D:11)
  19 hounds
  6 orc priests
  14 orc wizards
  A gnoll shaman (D:7)
  A centaur skeleton (D:11)
  2 iguanas
  16 worker ants
  Terence (D:2)
  A killer bee zombie (D:7)
  A hound zombie (D:9)
  4 hound skeletons
  3 mummies
  A howler monkey zombie (D:5)
  3 worker ant zombies
  2 howler monkey skeletons
  5 gnolls
  15 adders
  2 shadow imps
  4 white imps
  2 ufetubi (D:6)
  An ooze (D:6)
  3 adder zombies
  2 adder skeletons
  4 worms
  4 dart slugs
  5 leopard geckos
  54 orcs
  3 ball pythons
  5 bats
  3 giant cockroaches
  8 goblins
  8 hobgoblins
  3 jackals (D:10)
  10 kobolds
  3 quokkas
  4 frilled lizards
  2 goblin zombies (Ossuary)
  7 hobgoblin zombies (Ossuary)
  A jackal zombie (Ossuary)
  11 kobold zombies (Ossuary)
  A leopard gecko skeleton (D:5)
  8 orc zombies (Ossuary)
  A quokka zombie (D:7)
  8 rats
  2 rat zombies (Ossuary)
336 creatures vanquished.

Vanquished Creatures (collateral kills)
  Erolcha (D:11)
  5 electric eels (D:6)
  A jelly (D:11)
7 creatures vanquished.

Vanquished Creatures (others)
  23 plants
23 creatures vanquished.

Grand Total: 366 creatures vanquished

Notes
Turn   | Place    | Note
-------+----------+-------------------------------------------
     0 | D:1      | Zeld the Gargoyle Berserker began the quest for the Orb.
     0 | D:1      | Reached XP level 1. HP: 14/14 MP: 1/1
   106 | D:1      | Reached skill level 3 in Axes
   452 | D:1      | Reached XP level 2. HP: 15/19 MP: 2/2
  1306 | D:2      | Noticed Terence
  1316 | D:2      | Killed Terence
  1317 | D:2      | Reached skill level 4 in Axes
  1317 | D:2      | Reached XP level 3. HP: 9/23 MP: 3/3
  2063 | D:2      | Reached XP level 4. HP: 28/28 MP: 4/4
  2216 | D:2      | Reached ** piety under Trog
  2577 | D:2      | Found a burning altar of Makhleb.
  2579 | D:2      | Noticed a green death
  2583 | D:2      | Noticed an orange demon
  2583 | D:2      | Noticed a ynoxinul
  3313 | D:3      | Found an ancient bone altar of Kikubaaqudgha.
  3318 | D:3      | Reached skill level 5 in Axes
  3318 | D:3      | Reached XP level 5. HP: 32/32 MP: 5/5
  3727 | D:3      | Found a glowing golden altar of the Shining One.
  4275 | D:4      | Noticed an ogre
  4290 | D:4      | Killed an ogre
  4291 | D:4      | Reached skill level 6 in Axes
  4291 | D:4      | Reached XP level 6. HP: 28/37 MP: 6/6
  4467 | D:4      | Noticed Menkaure
  4694 | D:4      | Killed Menkaure
  5224 | D:4      | Reached skill level 7 in Axes
  5224 | D:4      | Reached XP level 7. HP: 39/41 MP: 7/7
  5687 | D:4      | Noticed Grinder
  5690 | D:4      | Noticed Eustachio
  5698 | D:4      | Paralysed by Grinder for 5 turns
  5747 | D:4      | Paralysed by Grinder for 3 turns
  5758 | D:4      | Killed Grinder
  5774 | D:4      | Killed Eustachio
  5775 | D:4      | Reached skill level 8 in Axes
  5919 | D:4      | Reached XP level 8. HP: 38/46 MP: 8/8
  6102 | D:5      | Entered Level 5 of the Dungeon
  6125 | D:5      | Found a glowing drain.
  6148 | Sewer    | Entered a sewer
  6196 | Sewer    | Noticed Purgy
  6204 | Sewer    | Killed Purgy
  6205 | Sewer    | Reached skill level 9 in Axes
  6550 | D:5      | Reached *** piety under Trog
  7183 | D:5      | Found Viaqis's Gadget Shop.
  7191 | D:5      | Bought a wand of enslavement (6) for 96 gold pieces
  7191 | D:5      | Bought a wand of enslavement (13) for 180 gold pieces
  7821 | D:6      | Found a sand-covered staircase.
  7920 | Ossuary  | Entered an ossuary
  7967 | Ossuary  | Reached **** piety under Trog
  8063 | Ossuary  | Reached skill level 10 in Axes
  8375 | D:6      | Reached XP level 9. HP: 51/51 MP: 9/9
  8391 | D:6      | Found a white marble altar of Elyvilon.
  8936 | D:6      | Reached ***** piety under Trog
  8972 | D:6      | Reached skill level 11 in Axes
 12588 | D:7      | Reached skill level 12 in Axes
 12687 | D:7      | Found a staircase to the Ecumenical Temple.
 12751 | Temple   | Entered the Ecumenical Temple
 12897 | D:7      | Found Cimenuir's Distillery.
 12900 | D:7      | Bought a potion of might for 52 gold pieces
 12900 | D:7      | Bought a potion of heal wounds for 65 gold pieces
 12900 | D:7      | Bought a potion of curing for 39 gold pieces
 13227 | D:8      | Noticed Maggie
 13254 | D:8      | Reached XP level 10. HP: 44/56 MP: 0/10
 13288 | D:8      | Noticed a two-headed ogre
 13298 | D:8      | Killed Maggie
 13304 | D:7      | HP: 4/84 [two-headed ogre/cursed -2 giant club (8)]
 13307 | D:7      | Killed a two-headed ogre
 13308 | D:7      | Reached skill level 13 in Axes
 14025 | D:8      | Found a sacrificial altar of Ru.
 14127 | D:8      | Found a shimmering altar of Xom.
 14213 | D:8      | Found a staircase to the Lair.
 15010 | D:9      | Found a huge runed translucent gate.
 15188 | D:9      | Reached skill level 14 in Axes
 15692 | D:9      | Found a huge runed translucent gate.
 15692 | D:9      | Found a huge runed translucent gate.
 15692 | D:9      | Found a huge runed translucent gate.
 15692 | D:9      | Noticed a death yak
 15692 | D:9      | Noticed a manticore
 15692 | D:9      | Noticed a manticore
 15692 | D:9      | Noticed a death yak
 15777 | D:9      | Reached skill level 1 in Evocations
 16596 | D:10     | Entered Level 10 of the Dungeon
 16621 | D:10     | Reached XP level 11. HP: 62/62 MP: 11/11
 16888 | D:10     | Got a faintly glowing lapis lazuli ring
 16901 | D:10     | Identified the ring of Deomy {rPois Int+3} (You found it on
                  | level 10 of the Dungeon)
 17423 | D:11     | Noticed Erolcha
 17676 | D:11     | You fall into a shaft and drop 1 floor!
 18016 | D:11     | Killed Erolcha
 18356 | D:11     | Noticed a manticore
 18366 | D:11     | Killed a manticore
 18367 | D:11     | Reached skill level 15 in Axes
 18396 | D:11     | Noticed a five-headed hydra
 18410 | D:11     | Noticed a manticore
 18418 | D:11     | HP: 3/62 [acid (4)]
 18420 | D:11     | Succumbed to barbed spike wounds

Illustrated notes

Levels and vault maps discovered:
D:1:      dpeg_arrival_solitude, layout_basic, minivault_23
D:2:      layout_loops_ring, makhleb_altar_promises_db, uniq_terence
D:3:      layout_loops_ring, kiku_gazebo_pond_becter,
          nicolae_tso_carved_into_rock
D:4:      layout_basic, minmay_between, uniq_menkaure, uniq_grinder,
          uniq_eustachio
D:5:      layout_cave_pods, gup_sewer_entry_glass, serial_shops, shop
D:6:      cheibrodos_two_vegetables, layout_basic, lemuel_round_altar,
          gup_ossuary_entry_pyramid
D:7:      layout_gridville, minmay_temple_entry_grid, serial_shops,
          nicolae_shop_behind_doors, grunt_ministairs_9
D:8:      minmay_four_partial_circles, layout_basic, brannock_xom_greatest_gift,
          david_lair_shrubbed, nrook_mini_vaults,
          nicolae_ru_sacrificial_ziggurat, uniq_maggie
D:9:      lemuel_bear_cage, layout_irregular_city, hangedman_corner_corridor
D:10:     layout_long_grid, st_stairs_2
D:11:     cheibrodos_ideogram_h, layout_basic, kennysheep_generic_room_15,
          uniq_erolcha
D:12:     layout_roguey, zombieorc1_lemuel, serial_shops, shop, serial_bayou,
          serial_bayou_crossing, serial_bayou_pond_c, serial_bayou_shore_b,
          serial_bayou_lagoon_a, grunt_ministairs_10, minmay_increasing_density
Temple:   nicolae_temple_no_exploring_needed

Skill      XL: |  1  2  3  4  5  6  7  8  9 10 11 |
---------------+----------------------------------+-----
Axes           | 3 4 5 6 7 8 10 12 14 15 | 15.0
Evocations     | 2 |  2.4
Armour         | 3 |  3.9
Fighting       | 4 |  4.7
Dodging        | |  1.5

Action                   |  1- 3 |  4- 6 |  7- 9 | 10-12 || total
-------------------------+-------+-------+-------+-------++-------
Melee: Hand axe          |   111 |   172 |   757 |   353 ||  1393
       Battleaxe         |       |       |       |   171 ||   171
Invok: Berserk           |     2 |     5 |     9 |     9 ||    25
       Brothers in Arms  |       |       |     4 |     3 ||     7
       Trog's Hand       |       |       |       |     1 ||     1
Evoke: Wand              |       |       |     6 |     3 ||     9
  Use: Scroll            |       |       |    11 |     7 ||    18
 Stab: Sleeping          |       |     1 |       |       ||     1
Armor: Skin              |    29 |    33 |     9 |       ||    71
       Plate armour      |       |       |   556 |   306 ||   862
Dodge: Dodged            |    79 |   129 |   280 |   196 ||   684
